 Dungeon Crawl Stone Soup version 0.25-a0-404-gc1b5a34292 (webtiles) character file.

Game seed: 238765756737794445, levelgen mode: deterministic

221807 FessEmpty the Spry (level 18, -6/107 HPs)
             Began as a Deep Elf Fire Elementalist on Jan 11, 2020.
             Was the Champion of Vehumet.
             Blown up by a spellforged servitor (25 damage)
             ... with a wavering orb of destruction
             ... summoned by the player character
             ... on level 4 of the Snake Pit on Jan 12, 2020.
             The game lasted 03:17:04 (38677 turns).

FessEmpty the Spry (Deep Elf Fire Elementalist)    Turns: 38677, Time: 03:17:05

Health: -6/107     AC: 17    Str:  5    XL:     18   Next: 51%
Magic:  23/51      EV: 31    Int: 37    God:    Vehumet [******]
Gold:   6928       SH: 10    Dex: 22    Spells: 2/54 levels left

rFire    + . .     SeeInvis .   O - +8 dagger of the Unspeakable One {elec, Int+8}
rCold    + . .     Gourm    +   M - +0 buckler
rNeg     . . .     Faith    .   t - +2 robe {MR+}
rPois    +         Spirit   .   q - +2 hat
rElec    .         Reflect  .   y - +1 cloak
rCorr    .         Harm     .   a - +2 pair of gloves {Dex+3}
MR       ++...                  z - +0 pair of boots
Stlth    ++++......             N - amulet "Torimn" {Gourm rPois rF+ Int-2 Dex+3}
HPRegen  0.27/turn              o - ring "Lucvapo" {AC+3 Int+3 Stlth+}
MPRegen  0.32/turn              w - ring of magical power {=R}

@: marked, hasted, very quick
A: large bone plates 1, thin metallic scales 1, cold resistance 1
}: 1/15 runes: decaying
a: Renounce Religion


You were on level 4 of the Snake Pit.
You worshipped Vehumet.
Vehumet was exalted by your worship.
You were very full.

You visited 5 branches of the dungeon, and saw 31 of its levels.
You also visited: Gauntlet.

You collected 7423 gold pieces.
You spent 495 gold pieces at shops.

Inventory:

Hand Weapons
 O - the +8 dagger of the Unspeakable One (weapon) {elec, Int+8}
   (You found it on level 2 of the Lair of Beasts)

   Occasionally, upon striking a foe, it will discharge some electrical energy
   and cause terrible harm.
   It affects your intelligence (+8).
Armour
 a - a +2 pair of gloves of dexterity (worn)
 i - +5 steam dragon scales
 q - a +2 hat (worn)
 t - a +2 robe of magic resistance (worn)
 y - a +1 cloak (worn)
 z - a +0 pair of boots (worn)
 M - a +0 buckler (worn)
 V - the +3 robe of Clouds {+Thunder rCloud rElec}
   (You found it on level 4 of the Swamp)

   It insulates you from electricity.
Jewellery
 g - an uncursed ring of ice
 j - an uncursed ring of fire
 l - the ring "Ciubbos" {rPois rCorr Int+5}
   (You found it on level 2 of the Swamp)

   [ring of resist corrosion]

   It affects your intelligence (+5).
   It protects you from poison.
   It provides partial protection from all sources of acid and corrosion.
 o - the ring "Lucvapo" (left hand) {AC+3 Int+3 Stlth+}
   (You found it on level 2 of the Swamp)

   [ring of protection]

   It affects your AC (+3).
   It affects your intelligence (+3).
   It makes you more stealthy.
 w - a ring of magical power (right hand) {=R}
 x - a +2 amulet of reflection
 E - an uncursed ring of positive energy
 N - the amulet "Torimn" (around neck) {Gourm rPois rF+ Int-2 Dex+3}
   (You took it off a minotaur in a Gauntlet)

   [amulet of the gourmand]

   It allows you to eat raw meat even when not hungry.
   It affects your intelligence (-2).
   It affects your dexterity (+3).
   It protects you from fire.
   It protects you from poison.
Wands
 u - a wand of flame (46)
 v - a wand of paralysis (56)
 B - a wand of iceblast (11)
 L - a wand of disintegration (5)
 S - a wand of clouds (9)
 T - a wand of acid (18)
 X - a wand of digging (7)
Scrolls
 b - 6 scrolls of magic mapping
 f - 4 scrolls of immolation
 h - 14 scrolls of teleportation
 k - 2 scrolls of fog
 n - 11 scrolls of remove curse
 p - a scroll of holy word
 r - 3 scrolls of summoning
 s - 2 scrolls of silence
 D - a scroll of fear
 I - 5 scrolls of blinking
 J - 4 scrolls of enchant armour
 Q - a scroll of vulnerability
 Y - 3 scrolls of amnesia
Potions
 d - 2 potions of mutation
 e - 4 potions of haste
 A - 2 potions of ambrosia
 C - 3 potions of agility
 F - 2 potions of brilliance
 G - 7 potions of curing
 H - 2 potions of invisibility
 P - 4 potions of might
 R - 2 potions of magic
 U - 2 potions of cancellation
 W - a potion of resistance
 Z - 2 potions of flight
Miscellaneous
 m - a fan of gales
 K - a phial of floods
Comestibles
 c - 63 rations


   Skills:
 - Level 10.0 Fighting
 + Level 18.9 Dodging
 - Level 2.4 Stealth
 - Level 4.5 Shields
 + Level 18.6 Spellcasting
 + Level 16.5 Conjurations
 - Level 6.0 Summonings
 + Level 15.1 Fire Magic
 - Level 8.0 Earth Magic


You had 2 spell levels left.
You knew the following spells:

 Your Spells              Type           Power        Failure   Level  Hunger
a - Orb of Destruction    Conj           ########..   1%          7    #......
b - Ignition              Fire           #######...   3%          8    ####...
c - Spellforged Servitor  Conj/Summ      #######...   2%          7    #......
d - Fireball              Conj/Fire      ########..   1%          5    None
e - Iskenderun's Battles  Conj/Chrm      #######.     1%          5    None
g - Mephitic Cloud        Conj/Pois/Air  ######..     1%          3    None
h - Starburst             Conj/Fire      ########..   1%          6    None
i - Bolt of Magma         Conj/Fire/Erth #######...   1%          5    None
j - Iron Shot             Conj/Erth      #######...   1%          6    None

Your spell library contained the following spells:

 Spells                   Type           Power        Failure   Level  Hunger
 Fire Storm               Conj/Fire      ########..   32%         9    ######.
 Chain Lightning          Conj/Air       #######...   43%         8    ####...
 Tornado                  Air            ####......   100%        9    ######.
 Foxfire                  Conj/Fire      ####         0%          1    None
 Magic Dart               Conj           ####         0%          1    None
 Animate Skeleton         Necr           N/A          1%          1    None
 Apportation              Tloc           ####..       1%          1    None
 Corona                   Hex            ####...      1%          1    None
 Infusion                 Chrm           ####         1%          1    None
 Pain                     Necr           ####         1%          1    None
 Shock                    Conj/Air       ####         1%          1    None
 Sting                    Tmut/Pois      ####         1%          1    None
 Summon Small Mammal      Summ           ####         1%          1    None
 Blink                    Tloc           N/A          1%          2    None
 Call Imp                 Summ           ######..     1%          2    None
 Poisonous Vapours        Pois/Air       ####..       1%          2    None
 Shroud of Golubria       Chrm/Tloc      ####..       1%          2    None
 Slow                     Hex            ####....     1%          2    None
 Song of Slaying          Chrm           ####....     1%          2    None
 Swiftness                Chrm/Air       ####....     1%          2    None
 Conjure Flame            Conj/Fire      ########     0%          3    None
 Sticky Flame             Conj/Fire      ########     0%          4    None
 Ignite Poison            Fire/Tmut/Pois ######..     1%          3    None
 Inner Flame              Hex/Fire       ######..     1%          3    None
 Static Discharge         Conj/Air       #######.     1%          3    None
 Leda's Liquefaction      Hex/Erth       ######....   1%          4    None
 Petrify                  Tmut/Erth      ######..     1%          4    None
 Lightning Bolt           Conj/Air       #######...   1%          5    None
 Confusing Touch          Hex            ####....     2%          3    None
 Gell's Gravitas          Tloc           ####......   2%          3    None
 Ozocubu's Armour         Chrm/Ice       ####....     2%          3    None
 Portal Projectile        Hex/Tloc       ####..       2%          3    None
 Spectral Weapon          Hex/Chrm       ####....     2%          3    None
 Vampiric Draining        Necr           ####......   2%          3    None
 Airstrike                Air            ####......   2%          4    None
 Olgreb's Toxic Radiance  Pois           ####....     2%          4    None
 Freezing Cloud           Conj/Ice/Air   ######....   4%          6    None
 Yara's Violent Unravell  Hex/Tmut       ####......   7%          5    None
 Animate Dead             Necr           N/A          9%          4    None
 Cause Fear               Hex            ####......   9%          4    None
 Agony                    Necr           ####....     26%         5    None
 Metabolic Englaciation   Hex/Ice        ####......   26%         5    None
 Ring of Flames           Chrm/Fire      ######....   34%         7    #......


Dungeon Overview and Level Annotations

Branches:
Dungeon (15/15)            Temple (0/1) D:5            Lair (6/6) D:11
  Swamp (4/4) Lair:2        Snake (4/4) Lair:2        Slime (0/5) Lair:6
    Orc (2/2) D:12            Elf (0/3) Orc:2        Vaults (0/5) D:14
 Depths (0/5) D:15        Gauntlet (visited)

Altars:
Cheibriados
Dithmenos
Kikubaaqudgha
Okawaru
Ru
Uskayaw
Vehumet
Wu Jian
Xom
The Shining One
Beogh

Shops:
D:12 (   Orc:2 (([(   Snake:2 :

Portals:
Abyss: D:4

Annotations:
D:4 2 transporters, bmj180's ghost, amateur GrFE
Lair:2 1 runed translucent door, Nuigo's ghost, journeyman KoAs


Innate Abilities, Weirdness & Mutations

You are partially covered in large bone plates. (SH +4)
You are partially covered in thin metallic scales. (AC +2)
Your flesh is cold resistant. (rC+)


Message History

You kill the nagaraja!
Vehumet accepts your kill.
Items here: )) [[ † a +0 scimitar of venom; a cursed +0 robe; a +0 robe; a +0 dagger of venom a naga corpse You start resting.
Your surroundings suddenly seem different.
You start resting.
Magic restored.
Things that are here:
a +0 robe; a +0 short sword You see here a +0 spear.
Things that are here:
a +0 dagger of venom; a +0 robe; a naga skeleton You see here a +0 battleaxe.
Items here: )) [[ ÷ a +0 scimitar of venom; a cursed +0 robe; a +0 robe; a +0 dagger of venom a naga skeleton
Things that are here:
a +0 short sword; a +0 robe; a naga skeleton
Items here: (( ))))) [ ÷ A naga and a naga mage come into view.
You set off the alarm!
A sentinel's mark forms upon you.
The naga mage shouts!
You hear a shout! x5
The naga mage moves out of view.
Things that are here:
a +0 spear; a +0 robe
Items here: (( ))))) [ ÷
Things that are here:
a +0 short sword; a +0 robe; a naga skeleton
Items here: )) [[ ÷ a +0 scimitar of venom; a cursed +0 robe; a +0 robe; a +0 dagger of venom a naga skeleton
Casting: Bolt of Magma (safe; 1% risk of failure)
Confirm with . or Enter, or press ? or * to list all spells.
You summon a servant imbued with your destructive magic!
The naga mage spits poison at you.
The splash of poison hits you but does no damage.
You resist.
Things that are here:
a +0 battleaxe; a naga skeleton
Casting: Spellforged Servitor (safe; 2% risk of failure)
Confirm with . or Enter, or press ? or * to list all spells.
Aiming: Bolt of Magma (safe; 1% risk of failure)
Press: ? - help, Shift-Dir - straight line, f - naga mage
Aim: a naga mage, wielding a +0 spear (catching its breath)
The bolt of magma misses the naga mage.
A guardian serpent comes into view.
The naga mage casts a spell.
The naga mage seems to speed up.
Casting: Bolt of Magma (safe; 1% risk of failure)
Confirm with . or Enter, or press ? or * to list all spells.
Aiming: Bolt of Magma (safe; 1% risk of failure)
Press: ? - help, Shift-Dir - straight line, f - guardian serpent, p - naga mage
Aim: a guardian serpent The bolt of magma misses the guardian serpent.
Casting: Bolt of Magma (safe; 1% risk of failure)
Confirm with . or Enter, or press ? or * to list all spells.
Aiming: Bolt of Magma (safe; 1% risk of failure)
Press: ? - help, Shift-Dir - straight line, f/p - guardian serpent
Aim: a guardian serpent The bolt of magma hits the guardian serpent!!!
You kill the guardian serpent!
Vehumet accepts your kill.
You feel your power returning. What are your orders? t - Shout!
Orders for allies: a - Attack new target. r - Retreat! s - Stop attacking. g - Guard the area. f - Follow me.
Anything else - Cancel.
Gang up on whom?
Press: ? - help, Dir - move target cursor, f - naga mage
Aim: a naga mage, wielding a +0 spear (fast) Attack!
The naga mage points at you and mumbles some strange words.
The bolt of poison hits your spellforged servitor.
Your spellforged servitor completely resists.
The bolt of poison hits you. You resist.
Your spellforged servitor conjures an orb of pure magic.
The wavering orb of destruction weakly hits the naga mage!!
Your spellforged servitor hums quietly as it recharges.
The naga mage hits your spellforged servitor with a +0 spear!
The naga mage grabs your spellforged servitor.
The naga mage constricts your spellforged servitor.
You see here a guardian serpent corpse.
The naga mage hits your spellforged servitor but does no damage.
The naga mage constricts your spellforged servitor.
The naga mage hits your spellforged servitor with a +0 spear.
The naga mage constricts your spellforged servitor.
The naga spits poison at you. The splash of poison misses you.
Your spellforged servitor conjures an orb of pure magic.
The wavering orb of destruction weakly hits the naga mage!!
The naga mage is blown up!
Vehumet accepts your kill.
Casting: Bolt of Magma (safe; 1% risk of failure)
Confirm with . or Enter, or press ? or * to list all spells.
You can't see any susceptible monsters within range! (Use Z to cast anyway.)
Casting: Bolt of Magma (safe; 1% risk of failure)
Confirm with . or Enter, or press ? or * to list all spells.
Aiming: Bolt of Magma (safe; 1% risk of failure)
Press: ? - help, Shift-Dir - straight line, f - naga
Aim: a naga, wielding a +0 hand axe and wearing a +0 robe (catching its breath)
The bolt of magma hits the naga!!
You kill the naga!
Vehumet accepts your kill.
You start resting.
A nagaraja comes into view.
Casting: Bolt of Magma (safe; 1% risk of failure)
Confirm with . or Enter, or press ? or * to list all spells.
You can't see any susceptible monsters within range! (Use Z to cast anyway.)
Casting: Bolt of Magma (safe; 1% risk of failure)
Confirm with . or Enter, or press ? or * to list all spells.
Aiming: Bolt of Magma (safe; 1% risk of failure)
Press: ? - help, Shift-Dir - straight line, f - nagaraja
Aim: a nagaraja, wearing a +0 robe Really fire in your spellforged servitor's direction?
Okay, then.
A guardian serpent comes into view.
Casting: Bolt of Magma (safe; 1% risk of failure)
Confirm with . or Enter, or press ? or * to list all spells.
Aiming: Bolt of Magma (safe; 1% risk of failure)
Press: ? - help, Shift-Dir - straight line, f/p - nagaraja
Aim: a nagaraja, wearing a +0 robe The bolt of magma misses the nagaraja.
The nagaraja spits poison at you. The splash of poison misses you.
A black mamba comes into view.
A shock serpent comes into view.
A nagaraja comes into view. It is wielding a +0 spear.
You block the shock serpent's attack.
Casting: Bolt of Magma (safe; 1% risk of failure)
Confirm with . or Enter, or press ? or * to list all spells.
Aiming: Bolt of Magma (safe; 1% risk of failure)
Press: ? - help, Shift-Dir - straight line, f - shock serpent, p - nagaraja
Aim: a shock serpent The bolt of magma hits the shock serpent!
The shock serpent is lightly wounded.
The shock serpent's electric aura discharges, shocking you!
The black mamba misses you.
The guardian serpent gestures with its tail.
The nagaraja blinks!
You block the shock serpent's attack.
The naga mage gestures at you while chanting.
The lance of force hits you!!
You are knocked back by the lance of force.
You collide with the black mamba!
Your spellforged servitor launches a ball of destructive magic.
The wavering orb of destruction weakly hits the shock serpent!!!
The shock serpent's electric aura discharges violently, shocking your spellforged servitor!
Your spellforged servitor resists.
The black mamba misses you. The nagaraja spits poison at you.
The splash of poison misses you.
The splash of poison hits the shock serpent.
The shock serpent is poisoned.
The shock serpent closely misses your spellforged servitor.
Casting: Bolt of Magma (safe; 1% risk of failure)
Confirm with . or Enter, or press ? or * to list all spells.
Aiming: Bolt of Magma (safe; 1% risk of failure)
Press: ? - help, Shift-Dir - straight line, f/p - shock serpent
Aim: a shock serpent (almost dead, poisoned)
The bolt of magma hits the shock serpent!!!
You kill the shock serpent!
Vehumet accepts your kill.
You feel your power returning.
The air sparks with electricity, shocking you!
You block the black mamba's attack. The naga mage casts a spell at you.
The bolt of poison hits you. You resist.
The bolt of poison hits the black mamba!
The naga hits you but does no damage. You block the naga's attack.
The black mamba closely misses you. The nagaraja completely misses you. x2
Your spellforged servitor conjures a glowing orb.
The wavering orb of destruction weakly hits you!!!
* * * LOW HITPOINT WARNING * * *
Firing (i - inventory) No suitable missiles.
Press: ? - help, Shift-Dir - straight line, f - naga mage
Aim: a naga mage, wielding a +0 club and wearing a +0 robe
Okay, then.
As you read the scroll of fear, it crumbles to dust.
You assume a fearsome visage.
Your spellforged servitor is unaffected.
The black mamba looks frightened!
The guardian serpent looks frightened!
The nagaraja resists with some effort.
The nagaraja resists with almost no effort.
The naga mage looks frightened!
The naga looks frightened!
Your spellforged servitor hums quietly as it recharges.
The naga mage gestures at you while chanting.
You resist with almost no effort. The nagaraja barely misses you.
The nagaraja closely misses you.
You feel better.
Your spellforged servitor hums quietly as it recharges.
Cornered, the naga mage turns to fight!
The naga mage gestures at you while chanting.
You resist with almost no effort. You block the nagaraja's attack. x2
You feel yourself speed up. You block the naga mage's attack. x2
Your spellforged servitor launches a ball of destructive magic.
The wavering orb of destruction weakly hits you!!
You die...

....(#.....#.............#.......
...###..[(.....#.................
..## #..(#######.................
.## ##.<## #.............(... ..#
#..(# ####............#### ..##
#...####SN##.........### ...#
##....#....#....##.###
...#####[..[#....##..#####...⌠
......#.)...#..)@N#..# .....
............#..#8N#..####.....
............#..#N%#.##[#....8.
.[[.........#..#.)#.#...)...N.
....[..........#.%#.#.....N...
...)...........#))###.........
........[......#.)##..N#
...............#..)#.).#
..............##..[))..#


You could see 2 nagarajas, a black mamba (fleeing), a naga mage, a naga
(fleeing) and a friendly spellforged servitor.

Vanquished Creatures
  Mara (Snake:3)
  Nikola (Swamp:3)
  3 thorn hunters
  7 nagarajas
  An orc warlord (Orc:2)
  Aizul (Snake:4)
  An ironheart preserver (D:14)
  A stone giant (Orc:2)
  Nessos (Lair:6)
  Azrael (Snake:1)
  A dire elephant (D:15)
  A minotaur (Gauntlet)
  Snorg (D:12)
  An ettin (Orc:1)
  A fire dragon (D:15)
  Fannar (Orc:1)
  7 naga warriors
  A yaktaur captain (D:15)
  19 hydras
  A catoblepas (Lair:4)
  An ice dragon (D:15)
  12 alligators
  2 shambling mangroves
  4 centaur warriors
  2 ghost crabs
  18 anacondas
  2 two-headed ogres
  8 shock serpents
  4 death yaks (Lair:5)
  An orc high priest (Orc:2)
  Sonja (D:10)
  8 naga sharpshooters
  A fire crab (shapeshifter) (D:15)
  3 skeletal warriors (D:15)
  2 salamander mystics
  3 spriggan druids
  2 unseen horrors (D:15)
  16 swamp dragons
  2 wizards
  10 naga ritualists
  A death drake (shapeshifter) (D:13)
  3 lindwurms (Swamp:4)
  3 orc knights
  5 oklob plants
  11 mana vipers
  5 deep elf magi
  3 ugly things
  A wolf spider (D:15)
  7 salamanders
  6 cyclopes
  6 orc sorcerers
  12 elephants (Lair:6)
  A manticore (D:15)
  2 moths of wrath (shapeshifter) (D:15)
  4 centaur zombies
  Maurice (D:10)
  2 elephants (shapeshifter) (Gauntlet)
  4 naga magi (Snake:4)
  An eye of devastation (Lair:6)
  10 guardian serpents (Snake:4)
  A torpor snail (Lair:4)
  44 black mambas
  A kobold demonologist (D:14)
  14 spiny frogs
  8 komodo dragons
  2 rime drakes
  3 trolls
  2 tengu conjurers (D:14)
  A queen bee (Gauntlet)
  A jumping spider (shapeshifter) (D:14)
  10 tyrant leeches
  17 hornets
  9 polar bears
  16 dream sheep
  11 hippogriffs
  7 bog bodies
  20 slime creatures
  17 blink frogs
  A centaur simulacrum (D:14)
  A redback (D:15)
  8 shadows
  4 wyverns
  26 spriggans
  3 wraiths
  4 vampires
  A spriggan (shapeshifter) (Gauntlet)
  3 basilisks
  17 yaks
  A water elemental (D:11)
  2 hungry ghosts
  2 steam dragons (D:6)
  6 vampire mosquitoes
  6 wargs
  13 insubstantial wisps
  38 nagas
  9 swamp worms
  24 water moccasins
  An acid dragon (D:15)
  4 hell hounds
  Duvessa (D:4)
  9 porcupines
  13 swamp drakes
  32 orc warriors
  2 black bears (Lair:6)
  4 phantoms
  4 sky beasts
  4 ice beasts
  4 eyes of draining
  A necrophage (D:7)
  18 wolves
  5 boggarts (Lair:6)
  A centaur (D:9)
  8 ogres
  13 crocodiles
  2 big kobolds (D:14)
  15 bullfrogs
  A gnoll sergeant (D:11)
  Dowan (D:4)
  7 scorpions
  2 wyvern skeletons
  A water moccasin skeleton (D:5)
  16 killer bees
  26 wights
  4 howler monkeys
  An electric eel (Orc:1)
  5 crimson imps
  3 quasits
  A bullfrog zombie (D:13)
  25 orc priests
  7 hounds
  6 jellies
  4 bullfrog skeletons
  29 orc wizards
  10 centaur skeletons
  3 iguanas
  9 worker ants
  7 gnolls
  A howler monkey skeleton (D:9)
  17 adders
  A shadow imp (D:10)
  3 oozes
  3 adder skeletons
  2 worms (D:2)
  4 dart slugs
  8 leopard geckos
  108 orcs
  2 giant cockroaches
  10 hobgoblins
  4 jackals
  6 quokkas
  3 ball pythons
  11 bats
  8 frilled lizards
  4 goblins
  12 kobolds
  A leopard gecko zombie (D:8)
  A quokka zombie (D:10)
  2 rats
  4 fungi
  7 plants
1126 creatures vanquished.

Vanquished Creatures (collateral kills)
  The ghost of emiel the Severer, a journeyman CeFi of Okawaru (Lair:6)
  A naga warrior (Snake:4)
  2 anacondas
  2 naga sharpshooters
  A mana viper (Snake:4)
  A salamander (Snake:3)
  5 black mambas
  3 naga magi (Snake:4)
  A hornet (Swamp:1)
  A fire elemental (Snake:1)
  A hungry ghost (D:15)
  6 insubstantial wisps (Swamp:1)
  3 nagas (Snake:4)
  A hell hound (Snake:1)
  A plant (Lair:6)
30 creatures vanquished.

Vanquished Creatures (others)
  A crocodile (Lair:6)
  448 foxfires
  4 fungi
  10 plants
463 creatures vanquished.

Grand Total: 1619 creatures vanquished

Notes
Turn   | Place    | Note
-------+----------+-------------------------------------------
     0 | D:1      | FessEmpty the Deep Elf Fire Elementalist began the quest
                  | for the Orb.
     0 | D:1      | Reached XP level 1. HP: 10/10 MP: 6/6
   267 | D:1      | Reached XP level 2. HP: 13/15 MP: 5/8
   595 | D:1      | Reached XP level 3. HP: 19/19 MP: 7/9
   866 | D:2      | Learned a level 3 spell: Conjure Flame
  1280 | D:2      | Reached XP level 4. HP: 24/24 MP: 4/10
  1734 | D:3      | Found a faded altar of an unknown god.
  1785 | D:3      | Found a radiant altar of Vehumet.
  1791 | D:3      | Became a worshipper of Vehumet
  2015 | D:3      | Learned a level 4 spell: Sticky Flame
  2094 | D:3      | Found a sacrificial altar of Ru.
  2601 | D:3      | Reached XP level 5. HP: 23/28 MP: 12/12
  2603 | D:3      | Reached skill level 5 in Fire Magic
  2902 | D:4      | Noticed Dowan
  2903 | D:4      | Noticed Duvessa
  2919 | D:4      | Killed Duvessa
  2919 | D:4      | Reached XP level 6. HP: 24/33 MP: 11/14
  2921 | D:4      | Killed Dowan
  2921 | D:4      | Reached skill level 1 in Fighting
  3281 | D:4      | Found a transporter.
  3296 | D:4      | Found a transporter.
  3316 | D:4      | Found a one-way gate to the infinite horrors of the Abyss.
  3316 | D:4      | Noticed bmj180's ghost (amateur GrFE)
  3442 | D:5      | Entered Level 5 of the Dungeon
  3454 | D:5      | Reached * piety under Vehumet
  3454 | D:5      | Offered knowledge of Shock by Vehumet.
  3533 | D:5      | Reached XP level 7. HP: 38/38 MP: 16/16
  3650 | D:5      | Reached skill level 5 in Spellcasting
  3750 | D:5      | Reached skill level 5 in Conjurations
  3961 | D:5      | Learned a level 5 spell: Fireball
  4149 | D:5      | Found a staircase to the Ecumenical Temple.
  4403 | D:6      | Offered knowledge of Searing Ray by Vehumet.
  4403 | D:6      | Reached XP level 8. HP: 45/45 MP: 18/18
  4410 | D:5      | Learned a level 2 spell: Searing Ray
  4413 | D:6      | Reached ** piety under Vehumet
  4484 | D:6      | Noticed a skeletal warrior
  4534 | D:6      | Reached skill level 5 in Dodging
  4773 | D:6      | Learned a level 3 spell: Inner Flame
  4835 | D:6      | Found an ornate altar of the Wu Jian Council.
  4835 | D:6      | Found an iron altar of Okawaru.
  4837 | D:6      | Found a shimmering altar of Xom.
  4847 | D:6      | Found a snail-covered altar of Cheibriados.
  5102 | D:7      | Found a glowing golden altar of the Shining One.
  5378 | D:7      | Offered knowledge of Mephitic Cloud by Vehumet.
  5383 | D:7      | Learned a level 3 spell: Mephitic Cloud
  5446 | D:7      | Reached XP level 9. HP: 50/50 MP: 21/21
  5850 | D:8      | Reached *** piety under Vehumet
  6404 | D:9      | Offered knowledge of Hailstorm by Vehumet.
  6410 | D:9      | Learned a level 4 spell: Hailstorm
  6499 | D:9      | Reached XP level 10. HP: 58/58 MP: 16/25
  6507 | D:9      | Reached skill level 5 in Fighting
  6695 | D:9      | Reached skill level 10 in Spellcasting
  6787 | D:9      | Reached **** piety under Vehumet
  7034 | D:9      | Noticed a two-headed ogre
  7247 | D:9      | Offered knowledge of Olgreb's Toxic Radiance by Vehumet.
  7335 | D:10     | Entered Level 10 of the Dungeon
  7444 | D:10     | Noticed a two-headed ogre
  7450 | D:10     | Killed a two-headed ogre
  7623 | D:10     | Noticed Sonja
  7627 | D:10     | Killed Sonja
  8369 | D:10     | Noticed Maurice
  8373 | D:10     | Killed Maurice
  8373 | D:10     | Reached XP level 11. HP: 61/65 MP: 17/29
  8954 | D:11     | You fall into a shaft and drop 2 floors!
  8954 | D:13     | Noticed a brown ugly thing
  8954 | D:13     | Noticed a two-headed ogre
  8956 | D:13     | Noticed a deep elf mage
  8968 | D:13     | Reached ***** piety under Vehumet
  8968 | D:13     | Offered knowledge of Conjure Ball Lightning by Vehumet.
  8976 | D:13     | Reached skill level 10 in Dodging
  9101 | D:13     | Noticed a sea snake
  9101 | D:13     | a water nymph changed into a sea snake
  9103 | D:13     | Noticed a death drake
  9103 | D:13     | a sea snake changed into a death drake
  9107 | D:13     | Killed a death drake
  9123 | D:13     | Killed a brown ugly thing
  9139 | D:13     | Killed a deep elf mage
  9163 | D:13     | Killed a two-headed ogre
  9361 | D:13     | Noticed an orc knight
  9361 | D:13     | Noticed an orc sorcerer
  9364 | D:13     | Paralysed by an orc sorcerer for 4 turns
  9379 | D:12     | Noticed a deep elf mage
  9381 | D:12     | Killed a deep elf mage
  9459 | D:12     | Found a staircase to the Orcish Mines.
  9465 | D:12     | Found Ugefrout's Weapon Shoppe.
  9507 | D:12     | Learned a level 5 spell: Bolt of Magma
  9613 | D:12     | Noticed Snorg
  9619 | D:12     | Killed Snorg
  9619 | D:12     | Reached skill level 1 in Earth Magic
  9978 | D:12     | Noticed a four-headed hydra
  9981 | D:12     | Reached XP level 12. HP: 72/72 MP: 21/32
  9983 | D:12     | Killed a four-headed hydra
 10244 | D:12     | Noticed a seven-headed hydra
 10249 | D:12     | Killed a seven-headed hydra
 10249 | D:12     | Reached skill level 15 in Spellcasting
 10849 | D:11     | Found a staircase to the Lair.
 11295 | Lair:1   | Entered Level 1 of the Lair of Beasts
 12033 | Lair:2   | Found a staircase to the Swamp.
 12233 | Lair:2   | Got a pitted dagger
 12234 | Lair:2   | Identified the +8 dagger of the Unspeakable One {elec,
                  | Int+8} (You found it on level 2 of the Lair of Beasts)
 12324 | Lair:2   | Learned a level 6 spell: Iron Shot
 12333 | Lair:2   | Found a staircase to the Snake Pit.
 12492 | Lair:2   | Got a transparent quarterstaff
 12693 | Lair:2   | Found a runed translucent door.
 12693 | Lair:2   | Noticed Nuigo's ghost (journeyman KoAs)
 12791 | Lair:2   | Offered knowledge of Starburst by Vehumet.
 12806 | Lair:2   | Learned a level 6 spell: Starburst
 13184 | Lair:3   | Found a gate leading to a gauntlet.
 13195 | Gauntlet | Entered a Gauntlet
 13195 | Gauntlet | Found a transporter.
 13202 | Gauntlet | Found a transporter.
 13204 | Gauntlet | Found a transporter.
 13207 | Gauntlet | Noticed a death ooze
 13213 | Gauntlet | Found a transporter.
 13215 | Gauntlet | Found a transporter.
 13225 | Gauntlet | Found a runed translucent door.
 13228 | Gauntlet | Found a transporter.
 13243 | Gauntlet | Found a runed translucent gate.
 13244 | Gauntlet | Found a transporter.
 13244 | Gauntlet | Found a runed translucent gate.
 13245 | Gauntlet | Found a runed translucent gate.
 13255 | Gauntlet | Found a transporter.
 13265 | Gauntlet | Found a transporter.
 13279 | Gauntlet | Found a transporter.
 13287 | Gauntlet | Found a runed translucent door.
 13288 | Gauntlet | Found a transporter.
 13289 | Gauntlet | Found a runed translucent door.
 13290 | Gauntlet | Found a transporter.
 13352 | Gauntlet | Found a transporter.
 13352 | Gauntlet | Found a transporter.
 13437 | Gauntlet | Got a pitted falchion
 13468 | Gauntlet | Reached skill level 5 in Earth Magic
 13580 | Gauntlet | Got a pair of slimy boots
 13658 | Gauntlet | Identified the amulet "Torimn" {Gourm rPois rF+ Int-2
                  | Dex+3}
 13658 | Gauntlet | Noticed a minotaur
 13662 | Gauntlet | Killed a minotaur
 13784 | Lair:3   | Identified the cursed +0 pair of boots of the Tortoise
                  | {-Tele rC++ Dex+5} (You found it in a Gauntlet)
 14025 | Lair:3   | Reached XP level 13. HP: 79/79 MP: 34/34
 14065 | Lair:3   | Found a hide-covered altar of Uskayaw.
 14774 | Lair:4   | Learned a level 7 spell: Orb of Destruction
 15164 | Lair:4   | Reached skill level 10 in Conjurations
 16769 | Lair:5   | Found an ancient bone altar of Kikubaaqudgha.
 16893 | Lair:5   | You fall into a shaft and drop 1 floor!
 16893 | Lair:6   | Entered Level 6 of the Lair of Beasts
 16897 | Lair:6   | Reached XP level 14. HP: 71/86 MP: 36/36
 16899 | Lair:6   | Offered knowledge of Ozocubu's Refrigeration by Vehumet.
 17591 | Lair:6   | Noticed emiel's ghost (journeyman CeFi)
 17613 | Lair:6   | Found a runed translucent door.
 17711 | Lair:6   | Found a staircase to the Slime Pits.
 18143 | Lair:6   | Reached skill level 1 in Shields
 18217 | Lair:6   | Noticed Nessos
 18265 | Lair:6   | Killed Nessos
 18273 | Lair:6   | Identified the +5 falchion "Goblinslayer" {slice, +Rage}
                  | (You found it in a Gauntlet)
 18532 | Lair:6   | Learned a level 7 spell: Spellforged Servitor
 19154 | Lair:6   | Killed emiel's ghost
 19423 | D:13     | Reached skill level 1 in Summonings
 20228 | D:14     | Offered knowledge of Freezing Cloud by Vehumet.
 20274 | D:14     | Noticed an ironheart preserver
 20292 | D:15     | Entered Level 15 of the Dungeon
 20762 | D:15     | Identified the cursed +2 scimitar "Zuwuiz" {holy, rElec rC+
                  | Str+2}
 20772 | D:15     | HP: 4/87 [something (16)]
 21271 | D:15     | Reached XP level 15. HP: 92/92 MP: 36/38
 21313 | D:15     | Reached ****** piety under Vehumet
 21319 | D:15     | Reached skill level 10 in Fighting
 22727 | D:15     | Found a staircase to the Depths.
 23050 | D:14     | Found a gate to the Vaults.
 23165 | D:14     | Reached skill level 5 in Summonings
 23774 | D:14     | Gained mutation: Your magical capacity is low. (-10% MP)
                  | [potion of mutation]
 23774 | D:14     | Gained mutation: Your magical capacity is very low. (-20%
                  | MP) [potion of mutation]
 23774 | D:14     | Gained mutation: Your flesh is cold resistant. (rC+)
                  | [potion of mutation]
 23774 | D:14     | Gained mutation: You have sharp toenails. [potion of
                  | mutation]
 23775 | D:14     | Lost mutation: Your magical capacity is very low. (-20% MP)
                  | [potion of mutation]
 23775 | D:14     | Lost mutation: You have sharp toenails. [potion of
                  | mutation]
 23775 | D:14     | Lost mutation: Your magical capacity is low. (-10% MP)
                  | [potion of mutation]
 23775 | D:14     | Gained mutation: You are partially covered in thin metallic
                  | scales. (AC +2) [potion of mutation]
 23775 | D:14     | Gained mutation: You are partially covered in large bone
                  | plates. (SH +4) [potion of mutation]
 24075 | Swamp:1  | Entered Level 1 of the Swamp
 24130 | Swamp:1  | Offered knowledge of Freezing Cloud by Vehumet.
 24277 | Swamp:1  | Reached skill level 15 in Dodging
 24702 | Lair:2   | Learned a level 5 spell: Iskenderun's Battlesphere
 24704 | Lair:2   | Learned a level 1 spell: Foxfire
 25861 | Swamp:2  | Noticed a thorn hunter
 25866 | Swamp:2  | Killed a thorn hunter
 26116 | Swamp:2  | Found a transporter.
 26215 | Swamp:2  | Reached XP level 16. HP: 97/97 MP: 29/40
 26549 | Swamp:2  | Found a transporter.
 26724 | Swamp:2  | Got a scintillating silver ring
 26843 | Swamp:2  | Got a warped amber ring
 26856 | Swamp:2  | Got a scintillating amber ring
 26885 | Swamp:2  | Identified the ring "Ciubbos" {rPois rCorr Int+5} (You
                  | found it on level 2 of the Swamp)
 26890 | Swamp:2  | Identified the ring "Lucvapo" {AC+3 Int+3 Stlth+} (You
                  | found it on level 2 of the Swamp)
 26892 | Swamp:2  | Identified the ring "Saikasuc" {rF+ AC+4 Str+4} (You found
                  | it on level 2 of the Swamp)
 26935 | Swamp:3  | Reached skill level 10 in Fire Magic
 27363 | Swamp:3  | Noticed Nikola
 27578 | Swamp:4  | Entered Level 4 of the Swamp
 27580 | Swamp:4  | Found the +3 robe of Clouds {+Thunder rCloud rElec}
 27655 | Swamp:3  | Offered knowledge of Conjure Ball Lightning by Vehumet.
 27874 | Swamp:3  | Killed Nikola
 28326 | Swamp:4  | Noticed a thorn hunter
 28331 | Swamp:4  | Killed a thorn hunter
 28521 | Swamp:4  | Noticed a thorn hunter
 28526 | Swamp:4  | Killed a thorn hunter
 29246 | Swamp:4  | Got a decaying rune of Zot
 29771 | Swamp:4  | Identified a scroll of acquirement
 29771 | Swamp:4  | Identified the ring "Ref Owal" {Ice MR+} (You acquired it
                  | on level 4 of the Swamp)
 29970 | Orc:1    | Entered Level 1 of the Orcish Mines
 29986 | Orc:1    | Noticed Fannar
 29992 | Orc:1    | Killed Fannar
 30270 | Orc:1    | Offered knowledge of Ozocubu's Refrigeration by Vehumet.
 30720 | Orc:2    | Entered Level 2 of the Orcish Mines
 30835 | Orc:2    | Found a staircase to the Elven Halls.
 30876 | Orc:2    | Found a roughly hewn altar of Beogh.
 30959 | Orc:2    | Found a roughly hewn altar of Beogh.
 30960 | Orc:2    | Found Qiud Bung's Weapon Emporium.
 31063 | Orc:2    | Reached XP level 17. HP: 102/102 MP: 25/41
 31074 | Orc:2    | Found a roughly hewn altar of Beogh.
 31074 | Orc:2    | Found Rugger's Antique Weapon Shop.
 31075 | Orc:2    | Found Umippin's Antique Armour Boutique.
 31087 | Orc:2    | Bought a pair of glowing gloves for 225 gold pieces
 31197 | Orc:2    | Offered knowledge of Fire Storm by Vehumet.
 31197 | Orc:2    | Offered knowledge of Chain Lightning by Vehumet.
 31197 | Orc:2    | Offered knowledge of Tornado by Vehumet.
 31224 | Orc:2    | Found a roughly hewn altar of Beogh.
 31256 | Orc:2    | Found a roughly hewn altar of Beogh.
 31257 | Orc:2    | Found Athriohocw's Weapon Shoppe.
 31297 | Orc:2    | Found an iron altar of Okawaru.
 31345 | Orc:2    | Found a roughly hewn altar of Beogh.
 31462 | Orc:2    | Found a roughly hewn altar of Beogh.
 31559 | Orc:2    | Bought a polished ring mail for 270 gold pieces
 31570 | Orc:2    | Identified the +3 ring mail of Death's Door {-Tele rN+++
                  | rCorr Dex-5} (You bought it in a shop on level 2 of the
                  | Orcish Mines)
 31764 | Snake:1  | Entered Level 1 of the Snake Pit
 31986 | Snake:1  | You fall into a shaft and drop 1 floor!
 32077 | Snake:1  | Reached skill level 15 in Conjurations
 32644 | Snake:1  | Noticed Azrael
 32715 | Snake:1  | Killed Azrael
 34126 | Snake:2  | Found Pieqotoba's Book Boutique.
 34279 | Snake:3  | Noticed Mara
 34284 | Snake:3  | Noticed FessEmpty's illusion
 34289 | Snake:3  | Killed Mara
 34705 | Snake:3  | Learned a level 8 spell: Ignition
 35011 | Snake:4  | Entered Level 4 of the Snake Pit
 35067 | Snake:4  | Found an iron altar of Okawaru.
 35311 | Snake:4  | Found a shadowy altar of Dithmenos.
 35956 | Snake:4  | Reached XP level 18. HP: 107/107 MP: 22/42
 36373 | Snake:4  | Noticed Aizul
 36383 | Snake:4  | Killed Aizul
 38175 | Snake:4  | Reached skill level 15 in Fire Magic
 38677 | Snake:4  | Blown up by a spellforged servitor

Levels and vault maps discovered:
D:1:      wander_arrival_abandoned_jail, layout_rooms, solitary_fountain
D:2:      layout_loops_ring
D:3:      kennysheep_six_static_rooms, layout_loops_cross, marbit_many_paths,
          nicolae_ru_sacrificial_ziggurat,
          chequers_ecumenical_altar_simple_redux, kennysheep_generic_room_11
D:4:      layout_cave_pools, gammafunk_ghost_abyssal_escape, first_ration,
          hangedman_decor_push, chequers_big_river, uniq_duvessa
D:5:      layout_loops_ring, minmay_temple_entry_enclosed_plants,
          chequers_garden
D:6:      cheibrodos_steamvent, layout_rooms, nicolae_overflow_quartered_altars,
          nicolae_sextant, lightli_corner_chamber
D:7:      layout_rooms, basic_altar, the_bakery, minmay_misc_feat_plants
D:8:      layout_loops_ring
D:9:      layout_loops_ring
D:10:     layout_layer_cave, uniq_maurice, uniq_sonja
D:11:     layout_cave_pods, erik_lair_orcish_takeover, serial_bayou_ford_a,
          hangedman_decor_diamond_cutter
D:12:     layout_stronghold, orc_david_3, uniq_snorg
D:13:     layout_big_octagon
D:14:     layout_basic, skrybe_vaults_entry_preservation
D:15:     hangedman_depths_entry_try_elsewhere_first, layout_loops_ring,
          minivault_28
Lair:1:   layout_gridlike
Lair:2:   layout_misc_corridors, minmay_swamp_entry_reptiles,
          minmay_snake_entry_six_corridors, gammafunk_ghost_grave,
          hibernation_bobbens
Lair:3:   layout_chaotic_city, serial_rivers, chequers_serial_rivers_micro_c,
          chequers_serial_rivers_marsh, chequers_serial_rivers_micro_d,
          chequers_serial_rivers_large_b, basic_altar, gauntlet_entry_generic,
          chequers_serial_rivers_marsh, serial_bayou_shore_b
Lair:4:   layout_regular_city, grunt_megastairs_1, minmay_lair_oklob_chamber,
          serial_bayou_shore_b
Lair:5:   layout_long_grid, basic_altar
Lair:6:   minmay_lair_end_enchanted_forest, layout_cave_pods,
          minmay_slime_entry_eyes, hellmonk_ghost_happy_afterlife,
          cheibrodos_lair_lostbears, infiniplex_staircase_pool,
          serial_bayou_shore_b, uniq_nessos
Swamp:1:  layout_basic_swamp, evilmike_swamp_ruin_house_2
Swamp:2:  gammafunk_its_a_trap, layout_basic_swamp,
          nicolae_swamp_feature_on_the_river_bank
Swamp:3:  layout_basic_swamp, evilmike_swamp_ruin_house_6, uniq_nikola
Swamp:4:  swamp_alternative, layout_basic_swamp, swamp_pool3
Snake:1:  layout_onion, grunt_ministairs_12, st_stairs_13, lemuel_fruit_tree,
          uniq_azrael
Snake:2:  layout_gridlike, minmay_shop_star
Snake:3:  layout_misc_corridors, uniq_mara
Snake:4:  grunt_snake_rune_serpentine_throne, layout_onion, basic_altar,
          lemuel_oklob_altar, uniq_aizul
Orc:1:    layout_diamond_mine, nicolae_orc_flooded_monolith, mines3_lemuel,
          uniq_fannar
Orc:2:    grunt_orc_community_town_hall, layout_caves,
          grunt_orc_community_big_house_1, grunt_orc_community_big_house_1,
          grunt_orc_community_house_3, grunt_orc_community_house_3,
          grunt_orc_community_house_2, grunt_orc_community_house_1,
          grunt_orc_community_house_3, grunt_orc_community_house_1,
          okawaru_metal_pillars_1_2

Skill      XL: |  1  2  3  4  5  6  7  8  9 10 11 12 13 14 15 16 17 18 |
---------------+-------------------------------------------------------+-----
Conjurations   | 2 3 4 5 6 7 9 10 11 13 14 16 | 16.5
Fire Magic     | 4 5 6 7 8 9 12 14 15 | 15.1
Spellcasting   | 4 5 7 9 12 14 15 16 17 18 | 18.6
Fighting       | 1 2 3 4 6 7 8 9 10 | 10.0
Dodging        | 3 4 6 7 9 11 12 13 14 15 17 18 | 18.9
Earth Magic    | 2 5 7 8 |  8.0
Shields        | 3 4 |  4.5
Summonings     | 2 6 |  6.0
Stealth        | |  2.4

Action                   |  1- 3 |  4- 6 |  7- 9 | 10-12 | 13-15 | 16-18 || total
-------------------------+-------+-------+-------+-------+-------+-------++-------
Melee: Unarmed           |     5 |       |       |       |       |       ||     5
       Whip              |       |    36 |    39 |    15 |       |       ||    90
       Short sword       |       |       |       |    39 |       |       ||    39
       Dagger            |       |       |       |    17 |    71 |   113 ||   201
       Staff             |       |       |       |     4 |       |       ||     4
Throw: Dart              |       |       |       |       |     7 |       ||     7
 Cast: Foxfire           |    80 |    84 |   112 |     5 |     4 |       ||   285
       Conjure Flame     |       |     1 |     2 |     3 |       |     1 ||     7
       Sticky Flame      |       |       |    19 |    27 |     5 |       ||    51
       Searing Ray       |       |       |    41 |   126 |     4 |       ||   171
       Inner Flame       |       |       |     6 |     1 |       |       ||     7
       Fireball          |       |       |     4 |    39 |    76 |    48 ||   167
       Hailstorm         |       |       |       |     4 |       |       ||     4
       Bolt of Magma     |       |       |       |    49 |   230 |   263 ||   542
       Iron Shot         |       |       |       |     8 |   151 |   130 ||   289
       Starburst         |       |       |       |     1 |    17 |    68 ||    86
       Mephitic Cloud    |       |       |       |       |     4 |     2 ||     6
       Spellforged Servi |       |       |       |       |     2 |    11 ||    13
       Iskenderun's Batt |       |       |       |       |     9 |    22 ||    31
       Orb of Destructio |       |       |       |       |     2 |    17 ||    19
       Ignition          |       |       |       |       |       |     3 ||     3
Evoke: Wand              |       |     1 |       |       |    14 |     1 ||    16
       Phial of floods   |       |       |       |       |     2 |       ||     2
       Fan of gales      |       |       |       |       |     1 |       ||     1
  Use: Scroll            |     1 |     4 |     5 |    14 |    19 |    14 ||    57
       Potion            |       |       |     1 |     2 |    16 |     2 ||    21
 Stab: Sleeping          |       |     1 |       |       |     1 |     1 ||     3
  Eat: Chunk             |     1 |     5 |    13 |    28 |    48 |    41 ||   136
Armor: Leather armour    |     1 |    16 |     6 |       |       |       ||    23
       Robe              |       |       |     4 |       |       |    23 ||    27
       Steam dragon scal |       |       |    24 |    51 |    54 |    40 ||   169
Dodge: Dodged            |    17 |    28 |    79 |   151 |   164 |   258 ||   697
Block: Buckler           |       |       |       |       |    46 |   156 ||   202

Table legend:
 A = Non-vault XP
 B = Vault XP
 C = Vault XP percentage of total XP
 D = Non-vault monster count
 E = Vault monster count
 F = Vault count percentage of total count
                 A         B        C        D         E       F
            +---------+---------+-------+---------+---------+-------
      Total |  205323 |  129195 |  38.6 |     815 |     329 |  28.8
            +---------+---------+-------+---------+---------+-------
        D:1 |      47 |       0 |   0.0 |      23 |       0 |   0.0
        D:2 |      67 |       0 |   0.0 |      25 |       0 |   0.0
        D:3 |     120 |      20 |  14.3 |      17 |       7 |  29.2
        D:4 |      80 |     226 |  73.9 |       3 |       2 |  40.0
        D:5 |     859 |       0 |   0.0 |      24 |       0 |   0.0
        D:6 |     560 |     355 |  38.8 |      18 |       2 |  10.0
        D:7 |     494 |     215 |  30.3 |      13 |       1 |   7.1
        D:8 |    1832 |       0 |   0.0 |      30 |       0 |   0.0
        D:9 |    1959 |       0 |   0.0 |      28 |       0 |   0.0
       D:10 |    3306 |    1277 |  27.9 |      23 |       2 |   8.0
       D:11 |    2448 |     589 |  19.4 |      32 |       8 |  20.0
       D:12 |    5522 |    1180 |  17.6 |      27 |       7 |  20.6
       D:13 |    6974 |       0 |   0.0 |      32 |       0 |   0.0
       D:14 |    8179 |    4089 |  33.3 |      39 |       9 |  18.8
       D:15 |   14308 |   10137 |  41.5 |      34 |      16 |  32.0
     Lair:1 |    1382 |       0 |   0.0 |       8 |       0 |   0.0
     Lair:2 |    3572 |    2025 |  36.2 |      19 |      19 |  50.0
     Lair:3 |    3061 |     504 |  14.1 |      14 |       2 |  12.5
     Lair:4 |    7254 |    4592 |  38.8 |      25 |      10 |  28.6
     Lair:5 |   11393 |       0 |   0.0 |      31 |       0 |   0.0
     Lair:6 |   12148 |   12510 |  50.7 |      39 |      53 |  57.6
    Swamp:1 |   13320 |       0 |   0.0 |      40 |       0 |   0.0
    Swamp:2 |   17177 |    2982 |  14.8 |      37 |       7 |  15.9
    Swamp:3 |   13803 |    4052 |  22.7 |      39 |       1 |   2.5
    Swamp:4 |    8095 |   19085 |  70.2 |      15 |      27 |  64.3
    Snake:1 |    9164 |    4149 |  31.2 |      20 |      10 |  33.3
    Snake:2 |   19924 |       0 |   0.0 |      37 |       0 |   0.0
    Snake:3 |    7554 |    8038 |  51.6 |      16 |       1 |   5.9
    Snake:4 |   23490 |   40432 |  63.3 |      46 |      59 |  56.2
      Orc:1 |    4339 |    1638 |  27.4 |      32 |       2 |   5.9
      Orc:2 |    2892 |    7913 |  73.2 |      29 |      72 |  71.3
   Gauntlet |       0 |    3187 | 100.0 |       0 |      12 | 100.0
            +---------+---------+-------+---------+---------+-------
